 Dungeon Crawl Stone Soup version 0.20.1-1-g8b1a95d (webtiles) character file.

113 keltmir the Changer (level 4, -1/35 HPs)
             Began as a Draconian Transmuter on Nov 8, 2017.
             Killed by divine providence
             ... invoked by an orc priest
              (8 damage)
             ... on level 3 of the Dungeon.
             The game lasted 00:11:18 (3011 turns).

keltmir the Changer (Draconian Transmuter)          Turns: 3011, Time: 00:11:20

Health: -1/35      AC:  2    Str: 12    XL:     4   Next: 65%
Magic:  1/7        EV: 19    Int: 15    God:
Gold:   112        SH:  0    Dex: 16    Spells: 3/7 levels left

rFire    . . .     SeeInvis .     - Unarmed
rCold    . . .     Gourm    .   (shield currently unavailable)
rNeg     . . .     Faith    .   (armour unavailable)
rPois    x         Spirit   .   (helmet currently unavailable)
rElec    .         Reflect  .   (cloak currently unavailable)
rCorr    .         Harm     .   (gloves currently unavailable)
MR       .....                  (boots currently unavailable)
Stlth    +.........             (no amulet)
Regen    0.2/turn               (no ring)
MPRegen  0.1/turn               (no ring)

@: about to teleport, spider-form, very slightly contaminated
A: unfitting armour, AC +5
a: End Transformation


You were on level 3 of the Dungeon.
You were hungry.
You were a venomous arachnid creature.
You visited 1 branch of the dungeon, and saw 4 of its levels.

You collected 112 gold pieces.

Inventory:

Missiles
 a - 42 arrows
Jewellery
 f - a cursed -3 ring of strength {unknown}
 n - a +3 ring of strength {unknown}
Wands
 r - a wand of confusion (22/48)
 t - a wand of paralysis (12/24)
Scrolls
 d - a scroll of enchant weapon
 e - 2 scrolls of teleportation
 l - a scroll of enchant armour {unknown}
 p - a scroll of recharging {unknown}
 q - a scroll of fog {unknown}
Potions
 g - a potion of flight {unknown}
 h - a potion of agility {unknown}
 i - a potion of curing
 k - 2 potions of brilliance
 o - a potion of invisibility
 s - a potion of resistance {unknown}
Books
 b - a book of Changes

   Spells                             Type                      Level
   a - Beastly Appendage              Transmutation                1
   b - Sticks to Snakes               Transmutation                2
   c - Spider Form                    Transmutation/Poison         3
   d - Ice Form                       Ice/Transmutation            4
   e - Blade Hands                    Transmutation                5
Comestibles
 c - 4 bread rations
 j - 3 fruits
 m - 3 chunks of flesh


   Skills:
 - Level 1.1 Fighting
 - Level 1.7 Dodging
 - Level 3.0 Unarmed Combat
 - Level 2.0 Spellcasting
 * Level 4.9 Transmutations


You had 3 spell levels left.
You knew the following spells:

 Your Spells              Type           Power        Failure   Level  Hunger
a - Beastly Appendage     Tmut           ###...       11%         1    #......
b - Spider Form           Tmut/Pois      #.........   45%         3    ###....


Dungeon Overview and Level Annotations

Branches:
Dungeon (4/15)
 Temple: D:4-7

Altars:
Nemelex Xobeh
Yredelemnul

Annotations:
D:3 Zedayar's ghost, amateur TrBe


Innate Abilities, Weirdness & Mutations

((Your plain brown scales are hard. (AC +5)))
You cannot fit into any form of body armour.
((You are cold-blooded and may be slowed by cold attacks.))


Message History

You feel better. The jackal closely misses you. x2
The orc hits you with a short sword.
* * * LOW HITPOINT WARNING * * *
Okay, then.
Casting: Spider Form
Confirm with . or Enter, or press ? or * to list all spells.
You miscast Spider Form.
You are very lightly contaminated with residual magic.
Nothing appears to happen.
The jackal bites you but does no damage. x2
The orc hits you but does no damage.
The jackal bites you but does no damage.
Casting: Spider Form
Confirm with . or Enter, or press ? or * to list all spells.
You turn into a venomous arachnid creature.
The jackal barely misses you. The jackal closely misses you.
The orc closely misses you.
The orc priest invokes the aid of Beogh against you.
Beogh smites you!
You die...

...####............#
###### ...#
#............# ...#
#............# ####
#............#
####.........#
#.....o...#
##.##ooo### #.###ho#
#.# #hs# #.# ####
#.# #.# #.# #.# #.#
#.# #.#


You could see an orc priest, 2 orc wizards, 2 orcs and 2 jackals.

Vanquished Creatures
  A gnoll (D:3)
  3 adders
  A worm (D:3)
  A leopard gecko (D:1)
  A ball python (D:3)
  3 giant cockroaches
  15 goblins
  10 hobgoblins
  2 jackals (D:3)
  2 quokkas
  8 bats
  2 frilled lizards
  11 kobolds
  8 rats
68 creatures vanquished.

Vanquished Creatures (others)
  A hobgoblin (D:2)
1 creature vanquished.

Grand Total: 69 creatures vanquished

Notes
Turn   | Place    | Note
-------+----------+-------------------------------------------
     0 | D:1      | keltmir the Draconian Transmuter began the quest for the Orb.
     0 | D:1      | Reached XP level 1. HP: 16/16 MP: 3/3
   100 | D:1      | Reached XP level 2. HP: 18/23 MP: 5/5
   330 | D:1      | Reached skill level 3 in Transmutations
   680 | D:1      | Reached XP level 3. HP: 22/28 MP: 6/6
  1131 | D:2      | Reached skill level 4 in Transmutations
  1210 | D:2      | Learned a level 3 spell: Spider Form
  1495 | D:2      | Found a basalt altar of Yredelemnul.
  1506 | D:2      | Reached XP level 4. HP: 35/35 MP: 0/7
  1910 | D:2      | Found a sparkling altar of Nemelex Xobeh.
  2174 | D:4      | Noticed a phantom
  2189 | D:3      | Noticed Zedayar's ghost (amateur TrBe)
  3011 | D:3      | Killed from afar by an orc priest

Skill      XL: |  1  2  3 |
---------------+----------+-----
Transmutations | 3 4 |  4.9
Fighting       | |  1.1
Dodging        | |  1.7
Unarmed Combat | |  3.0
Spellcasting   | |  2.0

Action                   |  1- 3 |  4- 6 || total
-------------------------+-------+-------++-------
Melee: Unarmed           |   185 |    85 ||   270
       Tailslap          |    14 |     2 ||    16
       Headbutt          |     3 |       ||     3
       Kick              |     3 |     2 ||     5
       Punch             |     2 |       ||     2
 Cast: Beastly Appendage |     9 |     3 ||    12
       Spider Form       |     2 |     9 ||    11
  Use: Scroll            |     5 |     3 ||     8
       Potion            |       |     1 ||     1
 Stab: Sleeping          |     1 |       ||     1
  Eat: Chunk             |     2 |     6 ||     8
Armor: Skin              |    70 |    30 ||   100
Dodge: Dodged            |   165 |    98 ||   263
